 Dungeon Crawl Stone Soup version 0.30.1-1-g62c8e00024 (webtiles) character file.

Game seed: 9196024363321396584

1341 DwarfAlpaca the Trooper (level 8, -3/67 HPs)
             Began as a Formicid Monk on July 14, 2023.
             Was an Elder of Okawaru.
             Slain by a killer bee (5 damage)
             ... on level 5 of the Dungeon.
             The game lasted 00:21:50 (4489 turns).

DwarfAlpaca the Trooper (Formicid Monk)             Turns: 4489, Time: 00:21:51

Health: -3/67      AC:  8    Str: 18    XL:     8   Next: 93%
Magic:  0/8        EV: 12    Int: 10    God:    Okawaru [****..]
Gold:   344        SH:  0    Dex: 22    Spells: 7/7 levels left

rFire   . . .        i - +0 trident
rCold   + . .        d - orb {light}
rNeg    . . .        l - +1 ring mail "Seinla" {Dex+6}
rPois   .            (helmet unavailable)
rElec   .            (no cloak)
rCorr   .            (no gloves)
SInv    +            u - +0 pair of boots
Will    .....        p - amulet of guardian spirit
Stlth   +            n - ring of protection from cold
HPRegen 0.31/turn    (no ring)
MPRegen 0.11/turn

%: guardian spirit
@: mighty, lethally poisoned (-3 -> -4), glowing
A: permanent stasis, dig shafts and tunnels, antennae 3, four strong arms
a: Dig, Shaft Self, Renounce Religion, Heroism, Finesse


You were on level 5 of the Dungeon.
You worshipped Okawaru.
Okawaru was greatly pleased with you.
You visited 1 branch of the dungeon, and saw 6 of its levels.

You collected 344 gold pieces.

Inventory:

Hand Weapons
 i - a +0 trident (weapon)
Armour
 d - an orb of light (worn)
 l - the +1 ring mail "Seinla" (worn) {Dex+6}
   (You found it on level 2 of the Dungeon)

   Dex:       It affects your dexterity (+6).
 u - a +0 pair of boots (worn)
Jewellery
 f - a ring of wizardry
 n - a ring of protection from cold (left hand)
 p - an amulet of guardian spirit (around neck)
Wands
 o - a wand of mindburst (4)
 r - a wand of flame (21)
 t - a wand of polymorph (4)
Scrolls
 g - 5 scrolls of identify
 j - 3 scrolls of vulnerability {unknown}
 k - 2 scrolls of noise {unknown}
 m - 2 scrolls of acquirement {unknown}
Potions
 a - a potion of brilliance {unknown}
 b - 2 potions of might
 c - 3 potions of ambrosia
 e - a potion of heal wounds {unknown}
 h - 2 potions of haste
 q - a potion of flight {unknown}
 v - a potion of experience {unknown}


   Skills:
 + Level 7.2 Fighting
 + Level 6.6 Polearms
 + Level 6.0 Armour
 - Level 3.0 Dodging


You had 7 spell levels left.
You didn't know any spells.
Your spell library contained the following spells:

 Spells                   Type           Power      Damage    Failure   Level
 Ignite Poison            Fire/Tmut/Pois 0%         N/A       88%         3
 Manifold Assault         Tloc           0%         N/A       99%         4
 Sticky Flame             Conj/Fire      0%         2d3       99%         4
 Storm Form               Tmut/Air       0%         N/A       100%        7
 Ignition                 Fire           0%         3d3       100%        8
 Blink                    Tloc           Unusable   N/A       N/A         2

Dungeon Overview and Level Annotations

Branches:
Dungeon (6/15)
 Temple: D:4-7

Altars:
Hepliaklqana
Okawaru
Zin


Innate Abilities, Weirdness & Mutations

You cannot be hasted, slowed, berserked, paralysed or teleported.
You can dig through walls and to a lower floor.
You have a pair of large antennae on your head. (SInv)
Your four strong arms can wield two-handed weapons with a shield.


Message History

* * * LOW HITPOINT WARNING * * *
The killer bee attacks as you move away!
The killer bee stings you but does no damage.
The killer bee stings you. The killer bee barely misses you.
The killer bee barely misses you.
The killer bee attacks as you move away!
The killer bee stings you!
* * * LOW HITPOINT WARNING * * *
The killer bee stings you but does no damage.
The killer bee attacks as you move away!
The killer bee stings you but does no damage.
The killer bee closely misses you.
The killer bee attacks as you move away!
The killer bee stings you.
* * * LOW HITPOINT WARNING * * *
The killer bee stings you but does no damage.
The killer bee stings you.
* * * LOW HITPOINT WARNING * * *
There is a stone staircase leading up here.
The killer bee closely misses you. The killer bee stings you.
* * * LOW HITPOINT WARNING * * *
You are poisoned.
The killer bee poisons you! The killer bee completely misses you.
The killer bee closely misses you.
You climb upwards.
* * * LOW HITPOINT WARNING * * *
You feel sick.
There is a stone staircase leading down here.
It was a potion of might.
You feel very mighty all of a sudden.
* * * LOW HITPOINT WARNING * * *
You feel sick. The killer bee closely misses you. x2
The killer bee barely misses you.
The killer bee stings you but does no damage.
It was a potion of haste.
Your stasis prevents you from being hasted.
* * * LOW HITPOINT WARNING * * *
You feel sick. The killer bee stings you.
You die...

#..####...#............#
#.........#####.########
..#####.........# ###
###.####### #.# #.# #.#
#.# ########## #.#
#.y@y....##### #####
###.####.##.........#
....#
#........##.###.###.#
....# #.....#####.###.#
#.# ....# #....##
#......# #.#
....###.#.##
#..#######.# ........#.#
#..........# ....#####.#
#.########## ....# ##'##
#.#


You could see 2 killer bees.

Vanquished Creatures
  3 black bears
  3 ice beasts (D:5)
  A phantom (D:5)
  4 scorpions
  2 killer bees (D:6)
  A jelly (D:5)
  An orc priest (D:5)
  3 sleepcaps
  Natasha (thrice) (D:3)
  An iguana (D:5)
  7 adders
  A white imp (D:5)
  2 worms
  4 dart slugs
  11 orcs
  6 endoplasms
  2 giant cockroaches
  7 hobgoblins
  4 jackals (D:3)
  8 quokkas
  3 ball pythons
  5 bats
  2 frilled lizards (D:3)
  8 goblins
  3 kobolds
  5 rats
100 creatures vanquished.

Notes
Turn   | Place    | Note
-------+----------+-------------------------------------------
     0 | D:1      | DwarfAlpaca the Formicid Monk began the quest for the Orb.
     0 | D:1      | Reached XP level 1. HP: 18/18 MP: 1/1
     0 | D:1      | Noticed a demigod
     4 | D:1      | Noticed a formicid
     6 | D:1      | Noticed a demigod
     7 | D:1      | Noticed a naga
     8 | D:1      | Noticed a demonspawn
     9 | D:1      | Noticed a felid
    11 | D:1      | Noticed a dwarf
    13 | D:1      | Noticed a minotaur
    13 | D:1      | Noticed a demigod
    15 | D:1      | Noticed a formicid
    15 | D:1      | Noticed a demigod
    17 | D:1      | Noticed an octopode
    19 | D:1      | Noticed a demigod
    19 | D:1      | Noticed a gargoyle
    79 | D:1      | Reached XP level 2. HP: 20/24 MP: 2/2
   437 | D:1      | Reached XP level 3. HP: 30/30 MP: 3/3
   463 | D:1      | Found a faded altar of an unknown god.
   470 | D:1      | Prayed at the altar of an unknown god.
   470 | D:1      | Became a worshipper of Warmaster Okawaru
   470 | D:1      | Reached * piety under Okawaru
   470 | D:1      | Reached ** piety under Okawaru
   785 | D:2      | Identified the +1 ring mail "Seinla" {Dex+6}
   868 | D:2      | Reached skill level 1 in Armour
   889 | D:2      | Reached XP level 4. HP: 37/37 MP: 4/4
   916 | D:2      | Reached skill level 4 in Fighting
   952 | D:2      | You fall into a shaft and drop 1 floor!
   962 | D:3      | Found a hazy altar of Hepliaklqana.
  1161 | D:3      | Reached *** piety under Okawaru
  1246 | D:3      | Noticed Natasha
  1285 | D:3      | Killed Natasha
  1286 | D:3      | Reached XP level 5. HP: 28/43 MP: 5/5
  1506 | D:3      | Noticed Natasha
  1520 | D:3      | Killed Natasha
  1842 | D:3      | Noticed Natasha
  1851 | D:3      | Killed Natasha
  2036 | D:4      | Reached XP level 6. HP: 47/49 MP: 4/6
  2172 | D:4      | Found a glowing silver altar of Zin.
  2211 | D:4      | Noticed a black bear
  2428 | D:5      | Entered Level 5 of the Dungeon
  2428 | D:5      | Noticed a black bear
  2508 | D:4      | Killed a black bear
  2509 | D:4      | Reached skill level 5 in Fighting
  2841 | D:5      | Noticed an ice beast
  2848 | D:5      | Killed an ice beast
  2849 | D:5      | Reached skill level 5 in Polearms
  2849 | D:5      | Reached XP level 7. HP: 53/56 MP: 7/7
  3354 | D:5      | Reached skill level 6 in Fighting
  3579 | D:4      | Reached XP level 8. HP: 64/64 MP: 8/8
  3823 | D:5      | Reached **** piety under Okawaru
  3824 | D:5      | Reached skill level 5 in Armour
  4043 | D:5      | Reached skill level 7 in Fighting
  4488 | D:5      | HP: 3/67 [poisoned by a killer bee]
  4489 | D:5      | Slain by a killer bee

Illustrated notes

Levels and vault maps discovered:
D:1:      shiori_arrival_whats_in_store_for_you, layout_basic,
          basic_ecumenical_altar, st_stairs_3, minmay_split_cup_large
D:2:      layout_rooms, serial_glass, glass_columns_b, glass_columns_b,
          corexii_corridor_pit
D:3:      layout_loops_corners, mainiacjoe_overflow_small_starburst,
          kennysheep_generic_room_13, uniq_natasha
D:4:      layout_cave_pools, mainiacjoe_overflow_boulevard, nicolae_titane
D:5:      layout_loops_corners, minmay_misc_feat_plants
D:6:      layout_rooms, amcnicky_altar_gilded,
          minmay_temple_entry_gardened_gates

Skill      XL: |  1  2  3  4  5  6  7  8 |
---------------+-------------------------+-----
Dodging        | 3 |  3.0
Armour         | 1 2 3 4 6 |  6.0
Fighting       | 4 5 6 7 |  7.2
Polearms       | 4 5 6 |  6.6

Action                     |  1- 3 |  4- 6 |  7- 9 || total
---------------------------+-------+-------+-------++-------
  Melee: Spear             |    89 |   138 |    25 ||   252
         Unarmed           |       |     9 |       ||     9
         Trident           |       |       |   123 ||   123
 Invoke: Heroism           |       |       |     3 ||     3
Ability: Dig               |     1 |     2 |       ||     3
  Evoke: Wand              |       |    11 |     4 ||    15
    Use: Scroll            |       |     3 |       ||     3
         Potion            |       |       |     3 ||     3
 Armour: Robe              |     2 |       |       ||     2
         Ring mail         |     3 |    47 |    45 ||    95
         Skin              |       |     3 |       ||     3
  Dodge: Dodged            |    29 |    88 |   104 ||   221
